 Dungeon Crawl Stone Soup version 0.29.1-2-gbd0b4ee654 (webtiles) character file.

Game seed: 6847785328095678412

7 KennySheep the Magician (level 1, -1/10 HPs)
             Began as a Deep Elf Hedge Wizard on Nov 22, 2022.
             Slain by a goblin
             ... wielding a +0 club
              (3 damage)
             ... on level 1 of the Dungeon.
             The game lasted 00:00:35 (207 turns).

KennySheep the Magician (Deep Elf Hedge Wizard)      Turns: 207, Time: 00:00:36

Health: -1/10      AC:  2    Str:  7    XL:     1   Next: 83%
Magic:  5/7        EV: 12    Int: 18    God:
Gold:   14         SH:  0    Dex: 14    Spells: 7/8 levels left

rFire   . . .      SeeInvis .   a - +0 dagger
rCold   . . .      Faith    .   (no shield)
rNeg    . . .      Spirit   .   b - +0 robe
rPois   .          Reflect  .   c - +0 hat
rElec   .          Harm     .   (no cloak)
rCorr   .          Rampage  .   (no gloves)
Will    .....                   (no boots)
Stlth   ++........              (no amulet)
HPRegen 0.03/turn               (no ring)
MPRegen 0.10/turn               (no ring)

@: no status effects
A: no striking features
a: no special abilities


You were on level 1 of the Dungeon.
You visited 1 branch of the dungeon, and saw 1 of its levels.

You collected 14 gold pieces.

Inventory:

Hand Weapons
 a - a +0 dagger (weapon)
Armour
 b - a +0 robe (worn)
 c - a +0 hat (worn)
Potions
 e - a potion of cancellation {unknown}


   Skills:
 + Level 0.2 Fighting
 * Level 1.0 Ranged Weapons
 + Level 2.5 Dodging
 + Level 2.5 Stealth
 + Level 4.4 Spellcasting
 - Level 1.1 Conjurations
 - Level 1.1 Summonings
 + Level 1.2 Translocations


You had 7 spell levels left.
You knew the following spells:

 Your Spells              Type           Power      Damage    Failure   Level
a - Magic Dart            Conj           28%        1d4       9%          1

Your spell library contained the following spells:

 Spells                   Type           Power      Damage    Failure   Level
 Blink                    Tloc           16%        N/A       13%         2
 Slow                     Hex            16%        N/A       14%         1
 Call Imp                 Summ           7%         N/A       14%         2
 Conjure Flame            Conj/Fire      5%         6-21      34%         3
 Mephitic Cloud           Conj/Pois/Air  5%         N/A       36%         3


Dungeon Overview and Level Annotations

Branches:
Dungeon (1/15)

Altars:


Message History

The jackal bites you.
The magic dart hits the jackal.
The jackal is severely wounded.
The jackal barely misses you.
The magic dart hits the jackal.
You kill the jackal!
The jackal misses you.
You hit the jackal.
The jackal is moderately wounded.
The jackal barely misses you.
You hit the jackal but do no damage.
The jackal is moderately wounded.
The jackal bites you. The jackal barely misses you.
You closely miss the jackal.
The jackal is moderately wounded.
The jackal barely misses you.
You barely miss the jackal.
The jackal is moderately wounded.
The jackal closely misses you.
The magic dart hits the jackal.
The jackal is almost dead.
The jackal bites you.
* * * LOW HITPOINT WARNING * * *
The jackal bites you.
* * * LOW HITPOINT WARNING * * *
The jackal attacks as you move away! The jackal completely misses you.
The jackal barely misses you. The jackal bites you.
* * * LOW HITPOINT WARNING * * *
The magic dart hits the jackal.
You kill the jackal!
Your Ranged Weapons skill increases to level 1!
Magic courses through your body. The ball python barely misses you.
The ball python closely misses you.
The magic dart hits the ball python.
You kill the ball python!
The magic dart hits the goblin.
The goblin is moderately wounded.
The goblin hits you with a +0 club.
You die...

#. #≈#..+ .. #. #≈##+#
..#.#.####### #. #≈≈#.#
........g†..# #. #≈≈#.#
.##########.# #.###≈≈#.#
#.# #.#....'.' #.#
#.#.#≈≈#.# #g# #.#.#≈≈#.#
#@# #....≈≈#.# #.#
#######.#≈##+# #.#
#........≈#..+
########.###.......#≈#∩.#
........#..)..######≈####
########.####.# ≈≈≈≈ #.#
#.## #### #.# #..# ##.#
##.#


You could see a goblin.

Vanquished Creatures
  2 hobgoblins (D:1)
  2 jackals (D:1)
  A ball python (D:1)
  A kobold (D:1)
6 creatures vanquished.

Notes
Turn   | Place    | Note
-------+----------+-------------------------------------------
     0 | D:1      | KennySheep the Deep Elf Hedge Wizard began the quest for
                  | the Orb.
     0 | D:1      | Reached XP level 1. HP: 10/10 MP: 7/7
   205 | D:1      | Reached skill level 1 in Ranged Weapons
   207 | D:1      | Slain by a goblin

Illustrated notes

Levels and vault maps discovered:
D:1:      heliophobic_arrival_glass_houses, layout_loops_ring,
          shapermc_ecumenical_altar_petra

Skill      XL: |  1 |
---------------+----+-----
Ranged Weapons | 1 |  1.0
Fighting       | |  0.2
Dodging        | |  2.5
Stealth        | |  2.5
Spellcasting   | |  4.4
Conjurations   | |  1.1
Summonings     | |  1.1
Translocations | |  1.2

Action                   || total
-------------------------++-------
Melee: Dagger            ||     4
 Cast: Magic Dart        ||    20
  Use: Potion            ||     1
Dodge: Dodged            ||    11
